 Dungeon Crawl Stone Soup version 0.29.1-12-g30fa7ad0bf (webtiles) character file.

Game seed: 1057516865653035738

238 112233 the Gusty (level 6, -4/36 HPs)
             Began as a Tengu Air Elementalist on Dec 22, 2022.
             Killed by divine providence
             ... invoked by an orc priest
              (15 damage)
             ... on level 4 of the Dungeon.
             The game lasted 00:04:22 (6582 turns).

112233 the Gusty (Tengu Air Elementalist)           Turns: 6582, Time: 00:04:22

Health: -4/36      AC:  2    Str:  8    XL:     6   Next: 7%
Magic:  8/13       EV: 15    Int: 18    God:
Gold:   62         SH:  0    Dex: 14    Spells: 10/13 levels left

rFire   . . .      SeeInvis .   h - +1 short sword (venom)
rCold   . . .      Faith    .   (no shield)
rNeg    . . .      Spirit   .   a - +0 robe
rPois   .          Reflect  .   (helmet restricted)
rElec   .          Harm     .   f - scarf {repulsion}
rCorr   .          Rampage  .   (no gloves)
Will    +....                   (boots unavailable)
Stlth   ++........              (no amulet)
HPRegen 0.12/turn               k - ring of willpower
MPRegen 0.13/turn               (no ring)

@: flying quickly and evasively, repel missiles, quick
A: beak, talons 3, nimble flight
a: no special abilities


You were on level 4 of the Dungeon.
You visited 1 branch of the dungeon, and saw 4 of its levels.
You also visited: Ossuary.

You collected 62 gold pieces.

Inventory:

Hand Weapons
 h - a +1 short sword of venom (weapon)
Armour
 a - a +0 robe (worn)
 f - a scarf of repulsion (worn)
Jewellery
 k - a ring of willpower (left hand)
Scrolls
 c - 2 scrolls of noise {unknown}
 g - 2 scrolls of identify {unknown}
 i - a scroll of fear {unknown}
 m - 4 scrolls of teleportation {unknown}
 s - a scroll of acquirement {unknown}
Potions
 b - a potion of magic
 d - 3 potions of mutation {unknown}
 j - a potion of attraction {unknown}
 l - a potion of degeneration {unknown}
 n - 2 potions of lignification {unknown}
 p - 2 potions of resistance {unknown}
 r - a potion of cancellation {unknown}


   Skills:
 + Level 2.3 Fighting
 + Level 2.4 Dodging
 - Level 2.0 Stealth
 * Level 4.1 Spellcasting
 - Level 1.5 Conjurations
 + Level 5.6 Air Magic


You had 10 spell levels left.
You knew the following spells:

 Your Spells              Type           Power      Damage    Failure   Level
a - Shock                 Conj/Air       64%        1d7       3%          1
b - Static Discharge      Conj/Air       16%        3-5/arc   4%          2

Your spell library contained the following spells:

 Spells                   Type           Power      Damage    Failure   Level
 Swiftness                Air            23%        N/A       4%          3
 Magic Dart               Conj           36%        1d4       8%          1
 Searing Ray              Conj           18%        2d5       12%         2
 Airstrike                Air            11%        2d(2-18)  14%         4
 Fulminant Prism          Conj/Hex       3%         3d6       71%         4


Dungeon Overview and Level Annotations

Branches:
Dungeon (4/15)            Ossuary (visited)
 Temple: D:4-7

Altars:
Dithmenos
Elyvilon

Shops:
D:1 ((:!!

Annotations:
D:2 1 runed translucent door, Crazy Yiuf
D:3 3 runed translucent doors, exclusion: downstairs, 112233's ghost, amateur FeEn; 112233's ghost, amateur OgCj; Quickbrownfox's ghost, weakling DsIE; Sobaton's ghost, amateur MiFi


Innate Abilities, Weirdness & Mutations

You have a beak for a mouth.
You have claws for feet.
Your magical nature lets you fly swiftly and evasively.


Message History

Press: ? - help, Shift-Dir - straight line, f - phantom
Aim: a phantom (wandering, hasn't noticed you, 60% to hit)
The zap hits the phantom.
The phantom is lightly damaged.
The orc priest shouts!
Unknown command.
Casting: Shock (safe; 3% risk of failure)
Confirm with . or Enter, or press ? or * to list all spells.
Aiming: Shock (safe; 3% risk of failure)
Press: ? - help, Shift-Dir - straight line, f/p - phantom
Aim: a phantom (lightly damaged, 60% to hit)
The zap hits the phantom.
The phantom is moderately damaged.
The orc priest calls down the wrath of Beogh upon you.
Beogh smites you!
You hear a shout!
An orc comes into view. It is wielding a +0 club.
The orc priest mumbles some strange prayers to Beogh against you.
Beogh smites you!
* * * LOW HITPOINT WARNING * * *
You hear a shout!
You feel better. The phantom barely misses you.
Unknown command.
You feel better. The phantom barely misses you.
Unknown command.
Casting: Shock (safe; 3% risk of failure)
Confirm with . or Enter, or press ? or * to list all spells.
The phantom is struck by an arc of lightning.
The phantom is heavily damaged.
You are struck by an arc of lightning.
The lightning grounds out.
An orc comes into view. It is wielding a +0 hand axe.
The phantom misses you. The phantom closely misses you.
Unknown command.
As you read the scroll labelled LYIWEHISTRO, it crumbles to dust.
Your body is wracked with pain!
The goblin convulses!
The orc convulses!
The orc priest convulses!
The orc convulses!
It was a scroll of torment.
The orc priest calls down the wrath of Beogh upon you.
Beogh smites you!
You die...

.# .#.#...#.# .#
#........ .### #
#......#
...#######.###..o...#
....................#
##)########......$..#
##)# #..#.ogo..#
#))##### #..###W##.#
.......# ##..# #@# ...
#####..###...# #.# .##
#...#..#..ยง_.# #.# ..
#...'....#...###.# ..
#...#..####......# #.#
#####...###.....##
................###.##.
.######...#............
## ###.#.....###.##.


You could see a phantom, an orc priest, 2 orcs and a goblin.

Vanquished Creatures
  An orc priest (D:3)
  Ijyb (D:3)
  An orc wizard (D:4)
  A mummy (Ossuary)
  An adder (D:2)
  3 dart slugs
  10 orcs
  A spectral bat (Ossuary)
  6 endoplasms
  12 gnoll zombies (Ossuary)
  6 goblins
  8 hobgoblins
  4 jackals (D:2)
  7 kobolds
  7 quokkas
  4 ball pythons
  4 bats
  4 bat simulacra (Ossuary)
  A frilled lizard (D:1)
  3 goblin simulacra (Ossuary)
  6 goblin zombies (Ossuary)
  3 hobgoblin zombies (Ossuary)
  5 kobold simulacra (Ossuary)
  5 kobold zombies (Ossuary)
  4 orc zombies (Ossuary)
  4 rats
  2 rat simulacra (Ossuary)
  3 spectral goblins (Ossuary)
  3 spectral kobolds (Ossuary)
  3 spectral rats (Ossuary)
123 creatures vanquished.

Vanquished Creatures (others)
  3 fungi (D:2)
  5 plants (D:2)
  2 withered plants (D:3)
10 creatures vanquished.

Grand Total: 133 creatures vanquished

Notes
Turn   | Place    | Note
-------+----------+-------------------------------------------
     0 | D:1      | 112233 the Tengu Air Elementalist began the quest for the
                  | Orb.
     0 | D:1      | Reached XP level 1. HP: 10/10 MP: 4/4
   189 | D:1      | Reached XP level 2. HP: 15/15 MP: 0/6
   268 | D:1      | Found Kutevved's Weapon Shop.
   435 | D:1      | Found Gimanot's Weapon Boutique.
   527 | D:1      | Learned a level 2 spell: Static Discharge
   545 | D:1      | Found Deast's Book Emporium.
   564 | D:1      | Found Qiloing's Distillery.
  1092 | D:1      | Reached XP level 3. HP: 20/20 MP: 4/7
  1167 | D:1      | Found Lunk's Distillery.
  1519 | D:2      | Reached skill level 1 in Fighting
  2085 | D:2      | Reached XP level 4. HP: 25/25 MP: 6/9
  2252 | D:2      | Found a faded altar of an unknown god.
  2378 | D:2      | Found a runed translucent door.
  2379 | D:2      | Noticed Crazy Yiuf
  2767 | D:3      | Found a white marble altar of Elyvilon.
  2885 | D:3      | Reached skill level 5 in Air Magic
  3194 | D:3      | Found a runed translucent gate.
  3194 | D:3      | Found a runed translucent gate.
  3194 | D:3      | Found a runed translucent gate.
  3195 | D:3      | Noticed 112233's ghost (amateur OgCj)
  3196 | D:3      | Noticed Sobaton's ghost (amateur MiFi)
  3196 | D:3      | Noticed 112233's ghost (amateur FeEn)
  3196 | D:3      | Noticed Quickbrownfox's ghost (weakling DsIE)
  3676 | D:4      | Gained mutation: Your magical nature lets you fly swiftly
                  | and evasively. [Tengu growth]
  3676 | D:4      | Reached XP level 5. HP: 30/30 MP: 6/11
  3955 | D:4      | Noticed Ijyb
  3966 | D:3      | Killed Ijyb
  4309 | D:4      | Found a shadowy altar of Dithmenos.
  4311 | D:4      | Found a sand-covered staircase.
  4316 | Ossuary  | Entered an ossuary
  5914 | Ossuary  | Reached XP level 6. HP: 24/36 MP: 6/13
  6582 | D:4      | Killed from afar by an orc priest

Illustrated notes

Levels and vault maps discovered:
D:1:      dpeg_arrival_windows_large_door, layout_loops_ring, serial_shops,
          shop, nicolae_shop_statue_plus, nicolae_lakefront_shop, shop,
          nicolae_shop_bloodbath_and_beyond
D:2:      layout_loops_ring, dreamdust_ecumenical_altar_hidden_monk_grotto,
          uniq_crazy_yiuf_cottage
D:3:      layout_loops_corners, nicolae_elyvilon_peaceful_grove,
          gammafunk_ghost_cemetery
D:4:      layout_rooms, mainiacjoe_overflow_alcove_4, grunt_dithmenos_smoke,
          enter_ossuary_2, uniq_duvessa, uniq_ijyb

Skill      XL: |  1  2  3  4  5 |
---------------+----------------+-----
Fighting       | 1 2 |  2.3
Spellcasting   | 3 4 |  4.1
Air Magic      | 5 |  5.6
Dodging        | |  2.4
Stealth        | |  2.0
Conjurations   | |  1.5

Action                   |  1- 3 |  4- 6 || total
-------------------------+-------+-------++-------
Melee: Unarmed           |     6 |       ||     6
       Kick              |     4 |     9 ||    13
       Short sword       |     1 |    21 ||    22
       Peck              |       |     5 ||     5
 Cast: Shock             |    95 |    98 ||   193
       Static Discharge  |       |    58 ||    58
Evoke: Wand              |       |     1 ||     1
  Use: Potion            |       |     3 ||     3
       Scroll            |       |     1 ||     1
Armor: Robe              |       |    10 ||    10
Dodge: Dodged            |    13 |    49 ||    62
